AoeStats
← John Hawkwood

Hideout

508990675Analyzed
1v1 RM · 7d ago on Sep 25, 2026· 28m 34s· 2 players
Game mode
Random Map
Map size
Tiny (2 player)
Population
200
Speed
Normal
Resources
Standard
Victory
Conquest
Starting age
Dark Age
Ending age
Imperial Age
RankedLock teamsTeams togetherTeam positionsShared explorationLock speedFull tech treeHidden civsTurbo modeCheats
Victory
Defeat
🇵🇪 Italians · Peru
1028
+17
🇺🇸 Mongols · United States
1040
-17
Light
10:08 Feudal Age
14:29 Castle Age
16:11 Double-Bit Axe
17:31 Padded Archer Armor
17:38 Horse Collar
18:06 Loom
20:35 Bow Saw
22:08 Wheelbarrow
22:05 Town Watch
22:33 Fletching
22:59 Leather Archer Armor
27:10 Hand Cart
28:13 Bodkin Arrow
29:07 Town Patrol
John Hawkwood
9:49 Feudal Age
8:12 Loom
11:49 Loom
14:48 Castle Age
13:00 Double-Bit Axe
15:11 Fletching
18:57 Padded Archer Armor
19:19 Crossbowman
23:54 Wheelbarrow
25:49 Hand Cart
25:48 Horse Collar
29:02 Ballistics
Connection lost

Rejoining the realm…

Still unreachable

The connection could not be restored.

Session expired

The server has moved on; the page needs a fresh start.